 Dungeon Crawl Stone Soup version 0.30.1-11-g7821555f0a (webtiles) character file.

Game seed: 12228620835718918274

1 hbear the Caller (level 1, -1/10 HPs)
             Began as a Tengu Summoner on Dec 4, 2023.
             Slain by a goblin
             ... wielding a +0 dagger
              (4 damage)
             ... on level 1 of the Dungeon.
             The game lasted 00:06:19 (127 turns).

hbear the Caller (Tengu Summoner)                    Turns: 127, Time: 00:06:20

Health: -1/10      AC:  2    Str:  8    XL:     1   Next: 20%
Magic:  3/4        EV: 12    Int: 15    God:
Gold:   14         SH:  0    Dex: 14    Spells: 3/4 levels left

rFire   . . .        (no weapon)
rCold   . . .        (no shield)
rNeg    . . .        a - +0 robe
rPois   .            (helmet restricted)
rElec   .            (no cloak)
rCorr   .            (no gloves)
SInv    .            (boots unavailable)
Will    .....        (no amulet)
Stlth   ++           (no ring)
HPRegen 0.21/turn    (no ring)
MPRegen 0.09/turn

%: no passive effects
@: no status effects
A: beak, talons 3
a: no special abilities


You were on level 1 of the Dungeon.
You visited 1 branch of the dungeon, and saw 1 of its levels.

You collected 14 gold pieces.

Inventory:

Armour
 a - a +0 robe (worn)
Potions
 b - a potion of magic
 c - a potion of heal wounds {unknown}
 d - a potion of resistance {unknown}
 e - a potion of curing {unknown}


   Skills:
 + Level 2.2 Dodging
 + Level 2.0 Stealth
 + Level 2.0 Spellcasting
 + Level 4.8 Summonings


You had 3 spell levels left.
You knew the following spells:

 Your Spells              Type           Power      Damage    Failure   Level
a - Summon Small Mammal   Summ           64%        N/A       3%          1

Your spell library contained the following spells:

 Spells                   Type           Power      Damage    Failure   Level
 Call Imp                 Summ           32%        N/A       4%          2
 Call Canine Familiar     Summ           16%        N/A       9%          3
 Summon Guardian Golem    Hex/Summ       8%         N/A       24%         3
 Summon Lightning Spire   Summ/Air       8%         N/A       63%         4


Dungeon Overview and Level Annotations

Branches:
Dungeon (1/15)

Altars:


Innate Abilities, Weirdness & Mutations

You have a beak for a mouth.
You have claws for feet.


Message History

Item here: a frilled lizard corpse.
The floor.
Okay, then.
Sorry, you're not good enough to have a special ability.
Okay, then.
You see here a frilled lizard corpse.
Okay, then.
Found a stone staircase leading down.
d - a dark potion Unknown command.
Unknown command.
Unknown command.
Casting: Summon Small Mammal (safe; 3% risk of failure)
Confirm with . or Enter, or press ? or * to list all spells.
You swap places.
You see here a frilled lizard corpse.
Magic restored.
e - a black potion
Found 14 gold pieces.
You now have 14 gold pieces.
Your rat disappears in a puff of smoke!
An endoplasm comes into view.
An endoplasm is nearby!
Casting: Summon Small Mammal (safe; 3% risk of failure)
Confirm with . or Enter, or press ? or * to list all spells.
A goblin comes into view. It is wielding a +0 dagger.
The endoplasm quivers.
The goblin shouts!
You swap places.
The endoplasm misses you. The endoplasm closely misses your rat.
Your rat bites the endoplasm but does no damage.
The goblin closely misses you. The endoplasm hits you.
Your rat bites the endoplasm but does no damage.
You hit the goblin but do no damage. The goblin hits you with a +0 dagger.
The endoplasm hits you.
* * * LOW HITPOINT WARNING * * *
Your rat bites the endoplasm.
The goblin misses you.
Your rat bites the endoplasm.
The goblin attacks as you move away! The goblin hits you with a +0 dagger.
You die...

.... #+# ...##.
########.# .....
#.....##.# ...#
#.....##.# ...# ###
####.....##.##...# ..#
#...........@g...#
#.###........#...J...#
............##...r...#
..##........##########
..##....###.#
..##........#
..####.#.#### ..#
...... ..# ........


You could see an endoplasm (distracted, ally target), a goblin and a friendly
rat (summoned).

Vanquished Creatures
  2 frilled lizards (D:1)
2 creatures vanquished.

Notes
Turn   | Place    | Note
-------+----------+-------------------------------------------
     0 | D:1      | hbear the Tengu Summoner began the quest for the Orb.
     0 | D:1      | Reached XP level 1. HP: 10/10 MP: 4/4
   127 | D:1      | Slain by a goblin

Illustrated notes

Levels and vault maps discovered:
D:1:      lightli_arrival_boilingwater, layout_basic,
          hellmonk_ecumenical_altar_pennies_from_heaven

Action                     || total
---------------------------++-------
  Melee: Unarmed           ||     6
   Cast: Summon Small Mamm ||     2
   Stab: Sleeping          ||     1
  Dodge: Dodged            ||     4
